 Dungeon Crawl Stone Soup version 0.31-a0-345-g1ebeae05c6 (webtiles) character file.

Game seed: 4865079555934535807

1704262 Shard1697 the Devastator (level 24, 210/210 HPs)
             Began as a Green Draconian Conjurer on July 22, 2023.
             Was an Initiate of Gozag.
             Escaped with the Orb
             ... and 3 runes on July 23, 2023!
             The game lasted 03:35:19 (61076 turns).

Shard1697 the Devastator (DrCj)                    Turns: 61076, Time: 03:35:20

Health: 210/210    AC: 28    Str: 12    XL:     24   Next: 18%
Magic:  39/39      EV: 30    Int: 24    God:    Gozag
Gold:   600        SH: 17    Dex: 17    Spells: 4/47 levels left

rFire   + . .        a - +4 war axe (distort)
rCold   + . .        R - +3 kite shield {AC+3}
rNeg    . . .        (body armour unavailable)
rPois   +            Z - +2 hat {Stlth+}
rElec   .            h - +4 dragonskin cloak
rCorr   .            j - +2 pair of gloves {Str+3}
SInv    .            m - +2 pair of boots
Will    ++...        J - amulet of Vitality {RegenMP++ Regen++}
Stlth   ++           f - ring "Diups" {rC+ EV+5 Slay+3}
HPRegen 2.15/turn    p - +5 ring of evasion
MPRegen 1.06/turn

%: no passive effects
@: studying Invocations
A: breathe noxious fumes, AC +12, unfitting armour, stinger 1, poison
resistance, cold-blooded, agile 1, dopey 1, fire resistance 1, strong-willed 1,
screaming 1
0: Orb of Zot
}: 3/15 runes: serpentine, barnacled, silver
a: Breathe Noxious Fumes, Renounce Religion, Potion Petition, Call Merchant,
Bribe Branch


You escaped.
You worshipped Gozag.
Gozag was pleased with you.
You visited 9 branches of the dungeon, and saw 45 of its levels.

You collected 22047 gold pieces.
You spent 7140 gold pieces at shops.
You paid 14307 gold pieces to Gozag.

Inventory:

Hand Weapons
 a - a +4 war axe of distortion (weapon)
 w - a +2 broad axe of freezing
Armour
 h - the +4 dragonskin cloak (worn)
   (You took it off Tiamat on level 1 of the Realm of Zot)

   Avatar's Aegis: It grants the wearer a chance to resist fire, cold, poison,
   electricity, acid, and negative energy.
 j - a +2 pair of gloves of strength (worn)
 m - a +2 pair of boots (worn)
 L - a +2 buckler of positive energy
 R - a +3 kite shield of protection (worn)
 S - a +2 kite shield of fire resistance
 W - a scarf of resistance
 Z - a +2 hat of stealth (worn)
Jewellery
 f - the ring "Diups" (left hand) {rC+ EV+5 Slay+3}
   (You found it on level 1 of the Snake Pit)

   [ring of evasion]

   EV:        It affects your evasion (+5).
   Slay:      It affects your accuracy & damage with ranged weapons and melee
   (+3).
   rC:        It protects you from cold.
 p - a +5 ring of evasion (right hand)
 y - a ring of positive energy
 A - a +5 ring of evasion
 H - a ring of resist corrosion
 J - the amulet of Vitality (around neck) {RegenMP++ Regen++}
   (You bought it in a shop on level 3 of the Snake Pit)

   [amulet of magic regeneration]

   It increases your rate of magic regeneration.
   Regen:     It increases your rate of health regeneration.
 O - the ring of Kafficad {rC+ rN+ Int+3}
   (You found it on level 14 of the Dungeon)

   [ring of protection from cold]

   Int:       It affects your intelligence (+3).
   rC:        It protects you from cold.
   rN:        It protects you from negative energy.
 Q - the macabre finger necklace {Finger+ rN+}
   (You bought it in a shop on level 15 of the Dungeon)

   [amulet of nothing]

   Finger+:   It enables you to equip an extra ring.
   rN:        It protects you from negative energy.
Wands
 b - a wand of iceblast (44)
 c - a wand of digging (1)
 r - a wand of mindburst (23)
 z - a wand of quicksilver (23)
 M - a wand of charming (12)
Scrolls
 n - 11 scrolls of teleportation
 t - 6 scrolls of amnesia
 G - 2 scrolls of revelation
 P - 4 scrolls of poison
 V - 2 scrolls of brand weapon
 X - 2 scrolls of silence
 Y - 11 scrolls of identify
Potions
 d - 2 potions of might
 e - 14 potions of curing
 i - 4 potions of ambrosia
 k - 8 potions of mutation
 l - 3 potions of lignification
 o - 3 potions of magic
 q - 2 potions of enlightenment
 u - 3 potions of attraction
 C - 4 potions of resistance
 E - a potion of haste
 N - 2 potions of cancellation
Miscellaneous
 v - a lightning rod (4/4)
 U - a condenser vane


   Skills:
 - Level 16.0 Fighting
 - Level 16.0 Axes
 + Level 15.4 Dodging
 - Level 6.0 Stealth
 - Level 15.0 Shields
 - Level 12.2 Spellcasting
 + Level 20.7 Conjurations
 - Level 10.5 Hexes
 - Level 16.3 Summonings
 - Level 2.0 Translocations
 + Level 16.4 Earth Magic


You had 4 spell levels left.
You knew the following spells:

 Your Spells              Type           Power      Damage    Failure   Level
a - Magic Dart            Conj           100%       1d8       0%          1
b - Searing Ray           Conj           100%       2d8       0%          2
c - Dazzling Flash        Conj/Hex       100%       N/A       1%          3
d - Lee's Rapid Deconstr  Erth           38%        3d19*     1%          5
e - Blink                 Tloc           48%        N/A       5%          2
f - Fulminant Prism       Conj/Hex       37%        3d17      1%          4
g - Leda's Unmaking       Conj/Erth      40%        9d7       1%          6
h - Summon Mana Viper     Hex/Summ       68%        N/A       1%          5
t - Monstrous Menagerie   Summ           37%        N/A       9%          7
y - Lehudib's Crystal Sp  Conj/Erth      40%        10d10     26%         8

Your spell library contained the following spells:

 Spells                   Type           Power      Damage    Failure   Level
 Summon Small Mammal      Summ           100%       N/A       0%          1
 Call Imp                 Summ           100%       N/A       0%          2
 Stone Arrow              Conj/Erth      100%       3d13      0%          3
 Foxfire                  Conj/Fire      100%       2x1d9     1%          1
 Ensorcelled Hibernation  Hex/Ice        78%        N/A       1%          2
 Momentum Strike          Conj/Tloc      100%       3d10      1%          2
 Passwall                 Tmut/Erth      43%        N/A       1%          2
 Call Canine Familiar     Summ           75%        N/A       1%          3
 Hailstorm                Conj/Ice       59%        3d13      1%          3
 Mephitic Cloud           Conj/Pois/Air  47%        N/A       1%          3
 Summon Guardian Golem    Hex/Summ       68%        N/A       1%          3
 Tukima's Dance           Hex            60%        N/A       1%          3
 Flame Wave               Conj/Fire      59%        2d14      1%          4
 Iskenderun's Mystic Bla  Conj/Tloc      62%        2d13      1%          4
 Summon Ice Beast         Ice/Summ       52%        N/A       2%          4
 Summon Lightning Spire   Summ/Air       52%        N/A       2%          4
 Lesser Beckoning         Tloc           48%        N/A       5%          2
 Freeze                   Ice            56%        1d7       9%          1
 Sting                    Tmut/Pois      56%        1d5       9%          1
 Gell's Gravitas          Tloc           24%        N/A       11%         3
 Teleport Other           Tloc           24%        N/A       11%         3
 Cigotuvi's Dreadful Rot  Necr/Pois/Air  28%        N/A       12%         2
 Poisonous Vapours        Pois/Air       28%        N/A       12%         2
 Scorch                   Fire           28%        2d6       12%         2
 Sublimation of Blood     Necr           14%        N/A       12%         2
 Wereblood                Tmut           14%        N/A       12%         2
 Vhi's Electric Charge    Tloc/Air       38%        N/A       16%         3
 Volatile Blastmotes      Fire/Tloc      38%        2d13      16%         3
 Frozen Ramparts          Ice            28%        1d5       24%         3
 Ignite Poison            Fire/Tmut/Pois 14%        N/A       24%         3
 Ozocubu's Armour         Ice            14%        N/A       24%         3
 Swiftness                Air            14%        N/A       24%         3
 Passage of Golubria      Tloc           24%        N/A       34%         4
 Olgreb's Toxic Radiance  Pois           14%        N/A       63%         4
 Iskenderun's Battlesphe  Conj           85%        2d13      1%          5
 Summon Cactus Giant      Summ           37%        N/A       1%          6
 Arcjolt                  Conj/Air       29%        1d39      3%          5
 Spellforged Servitor     Conj/Summ      40%        N/A       3%          7
 Summon Forest            Summ/Tloc      28%        N/A       4%          5
 Borgnjor's Vile Clutch   Necr/Erth      26%        N/A       8%          5
 Summon Hydra             Summ           37%        N/A       9%          7
 Freezing Cloud           Conj/Ice/Air   23%        6-21      13%         5
 Starburst                Conj/Fire      29%        6d9       17%         6
 Yara's Violent Unravell  Hex/Tmut       19%        3d9       26%         5
 Summon Horrible Things   Summ           37%        N/A       54%         8
 Alistair's Intoxication  Tmut/Pois      9%         N/A       92%         5
 Haunt                    Necr/Summ      26%        N/A       93%         7
 Dispersal                Tloc           12%        N/A       99%         6
 Death Channel            Necr           7%         N/A       100%        6
 Eringya's Noxious Bog    Tmut/Pois      7%         4d6       100%        6
 Plasma Beam              Fire/Air       7%         2x1d17    100%        6
 Borgnjor's Revivificati  Necr           7%         N/A       100%        8
 Maxwell's Capacitive Co  Air            7%         ∞         100%        8
 Death's Door             Necr           7%         N/A       100%        9
 Animate Armour           Summ/Erth      Unusable   N/A       N/A         4
 Animate Dead             Necr           Unusable   N/A       N/A         4

Dungeon Overview and Level Annotations

Branches:
Dungeon (15/15)            Temple (1/1) D:5            Lair (5/5) D:10
 Shoals (4/4) Lair:2        Snake (4/4) Lair:3        Slime (0/5) Lair:5
    Orc (2/2) D:9             Elf (0/3) Orc:2        Vaults (5/5) D:14
  Crypt (0/3) Vaults:2     Depths (4/4) D:15            Zot (5/5) Depths:4

Altars:
Ashenzari
Cheibriados
Dithmenos
Elyvilon
Fedhas
Gozag
Hepliaklqana
Kikubaaqudgha
Makhleb
Okawaru
Qazlal
Ru
Sif Muna
Trog
Uskayaw
Vehumet
Wu Jian
Xom
Yredelemnul
Zin
The Shining One

Shops:
D:2 *   D:3 [   D:7 ?   D:10 *   D:11 [   D:13 [   D:15 *=   Orc:2 ([*:
Shoals:3 [   Snake:2 (   Snake:3 ==:   Vaults:1 [[   Vaults:4 *[*
Vaults:5 !!!?   Depths:4 =

Portals:
Hell: Depths:1 Depths:2 Depths:3* Depths:4
Abyss: Depths:3 Depths:4
Pandemonium: Depths:1 Depths:2 Depths:3
Ziggurat: Depths:2

Annotations:
D:5 2 transporters, hotbaconsauce's ghost, novice MiFi
D:8 Amaemon
D:9 exclusion: cyclops
D:11 4 transporters
Snake:1 2 transporters, RepHenryClay's ghost, adept VSFi
Snake:2 exclusion: downstairs, Bai Suzhen
Depths:1 1 runed translucent door
Abyss:1 Mara; Rupert


Innate Abilities, Weirdness & Mutations

You can breathe blasts of noxious fumes.
Your lurid green scales are hard. (AC +12)
You cannot fit into any form of body armour.
Your tail ends in a venomous barb.
Your system is resistant to poisons. (rPois)
You are cold-blooded and may be slowed by cold attacks.
You are agile. (Dex +4, Str/Int -1)
You are dopey. (Int -2)
Your flesh is heat resistant. (rF+)
You are strong-willed. (Will+)
You occasionally shout uncontrollably at your foes.


Message History

The Orb Guardian is heavily wounded.
The Orb Guardian hits you but does no damage.
You closely miss the Orb Guardian.
The Orb Guardian is heavily wounded.
The Orb Guardian completely misses you.
You slash the Orb Guardian!
Space warps around the Orb Guardian.
Your tail-slap misses the Orb Guardian.
The Orb Guardian is severely wounded.
The Orb Guardian completely misses you.
You miss the Orb Guardian.
The Orb Guardian is severely wounded.
The Orb Guardian misses you.
You hit the Orb Guardian.
The Orb Guardian is severely wounded.
The Orb Guardian blinks!
A ynoxinul comes into view.
The ynoxinul moves out of view.
Casting: Summon Mana Viper (mildly dangerous; 1% risk of failure)
Confirm with . or Enter, or press ? or * to list all spells.
Aiming: Leda's Unmaking (mildly dangerous; 1% risk of failure)
Press: ? - help, Shift-Dir - straight line, f - Orb Guardian
Aim: an Orb Guardian (severely wounded, 67% to hit)
The entropic shot misses the Orb Guardian.
Casting: Leda's Unmaking (mildly dangerous; 1% risk of failure)
Confirm with . or Enter, or press ? or * to list all spells.
Aiming: Leda's Unmaking (mildly dangerous; 1% risk of failure)
Press: ? - help, Shift-Dir - straight line, f/p - Orb Guardian
Aim: an Orb Guardian (severely wounded, 67% to hit)
The entropic shot hits the Orb Guardian!!
The Orb Guardian dissolves into a mush of mud and gold!
You kill the Orb Guardian!
You open the door.
There is an open door here.
Aiming: Dig
Press: ? - help, Shift-Dir - straight line You can't see that place. [a rock wall.]
The rock shatters into small pieces.
There is a staircase leading out of the dungeon here.
You have escaped!

...#.....#
#..............+.#.
...#.....#
#..............#.#.
...#.....#
#................#.
...#.....#
#......####'##.###.
.........#
#####.#####.######.
.........#
#.##............
.........#
##.##.##....#####
...#.....#
######.###.##....#....
...#.^..[#
#8...@..8#.##....#....
...#.....#
#≈......§#.##....#....
...#.....#
#≈......§#.##....#....
##########
#≈......≈#.##....#....
#≈..88..≈#.##....÷....
#§§.....≈#..'....#...)
#§§.....≈####....#....
#§......≈# #....#...>
#8......8####....#....


There were no monsters in sight!

Vanquished Creatures
  An ancient lich (Zot:5)
  Tiamat (Zot:1)
  2 orbs of fire
  A dread lich (Zot:5)
  Vashnia (Snake:3)
  A curse toe (Zot:5)
  Saint Roka (Snake:2)
  2 golden dragons (Depths:4)
  A Brimstone Fiend (Zot:2)
  9 tentacled monstrosities
  An Ice Fiend (Depths:3)
  A lich (Depths:4)
  6 Orb Guardians
  5 quicksilver dragons
  A kraken (Shoals:4)
  4 death cobs
  3 sphinxes
  8 storm dragons
  3 nagarajas
  3 draconian monks
  5 shadow dragons
  A tengu reaver (Depths:2)
  The ghost of RepHenryClay the Nimble, an adept GnMo of Okawaru (Lair:3)
  3 draconian knights
  A nargun (Depths:3)
  7 frost giants
  6 fire giants
  2 iron dragons
  9 draconian scorchers
  7 vault wardens
  4 draconian shifters
  2 orc warlords (Vaults:2)
  A spriggan defender (Depths:2)
  2 draconian stormcallers
  2 draconian annihilators (Zot:1)
  10 very ugly things
  A formless jellyfish (Vaults:3)
  13 ironbound preservers
  6 ironbound thunderhulks
  6 stone giants
  8 green draconians
  A wendigo (Depths:3)
  7 black draconians
  2 vampire knights
  5 purple draconians
  4 white draconians (Zot:1)
  4 spark wasps
  10 yellow draconians
  11 dire elephants
  A minotaur (Shoals:4)
  6 red draconians
  A merfolk javelineer (Shoals:1)
  A crystal guardian (Vaults:1)
  5 fire dragons
  3 merfolk impalers
  9 yaktaur captains
  6 ettins
  A deep elf high priest (Vaults:4)
  An entropy weaver (Vaults:4)
  A caustic shrike simulacrum (Depths:3)
  2 great orbs of eyes
  5 hydras
  2 spriggan air magi (Depths:4)
  8 vault guards
  2 peacekeepers (Vaults:1)
  7 rakshasas
  6 two-headed ogres
  A catoblepas (D:15)
  5 ice dragons
  8 ironbound frosthearts
  A boulder beetle (Lair:3)
  6 tengu warriors
  17 centaur warriors
  A merfolk avatar (Shoals:1)
  9 anacondas
  A merfolk aquamancer (Shoals:3)
  10 deep troll shamans
  A vampire mage (Depths:3)
  10 deep troll earth magi
  4 naga warriors
  5 hell hogs (Depths:1)
  4 death yaks
  4 satyrs (Shoals:4)
  A spriggan berserker (Depths:1)
  12 naga sharpshooters
  3 orc high priests
  7 shock serpents
  Sonja (Lair:4)
  8 hell knights
  A sun demon (Depths:4)
  A salamander mystic (Snake:3)
  10 iron trolls
  4 skysharks
  4 skeletal warriors (D:13)
  50 deep trolls
  9 sea snakes
  A glowing orange brain (Depths:1)
  9 ironbound convokers
  4 flayed ghosts
  9 naga ritualists
  2 orange crystal statues (Depths:3)
  2 spriggan simulacra (Depths:3)
  6 wizards
  2 deep elf pyromancers
  2 phantasmal warriors (Vaults:5)
  4 lindwurms
  6 necromancers
  10 harpies
  10 fauns
  13 orc knights
  An oklob plant (D:10)
  9 manticores
  5 mana vipers
  4 orc sorcerers
  10 salamanders
  17 ugly things
  4 cyclopes
  20 moths of wrath
  18 elephants
  3 guardian serpents
  4 water nymphs
  7 merfolk sirens
  11 naga magi
  Maurice (D:11)
  17 vault sentinels
  33 black mambas
  8 cane toads
  A gargoyle (D:11)
  2 rime drakes
  A freezing wraith (D:13)
  An unseen horror (D:10)
  A yaktaur (shapeshifter) (D:13)
  26 yaktaurs
  6 trolls
  3 komodo dragons
  4 tengu conjurers
  A red devil (D:8)
  15 merfolk
  11 hornets
  Grinder (D:5)
  2 wind drakes
  4 polar bears
  A raiju (Zot:2)
  A sphinx simulacrum (Depths:3)
  7 blink frogs
  A jumping spider (Vaults:4)
  13 dream sheep
  2 snapping turtles
  18 spriggans
  3 shadows (D:10)
  31 slime creatures
  Sigmund (D:4)
  Eustachio (D:5)
  3 wraiths
  2 vampires (Vaults:2)
  7 water elementals
  2 wyverns
  2 hogs (Shoals:4)
  4 basilisks
  55 yaks
  A steam dragon (D:10)
  9 vampire mosquitoes
  Grum (D:11)
  2 redbacks (Vaults:4)
  4 wargs
  Menkaure (D:5)
  5 acid dragons
  48 nagas
  A floating eye (Depths:1)
  8 water moccasins
  Duvessa (D:6)
  3 black bears
  2 sky beasts (D:7)
  5 boggarts
  41 orc warriors
  2 ettin simulacra (Depths:3)
  6 ogres
  30 wolves
  A phantom (D:5)
  13 centaurs
  2 kobold brigands
  Blork the orc (D:6)
  9 bullfrogs
  5 scorpions
  A gnoll sergeant (D:7)
  6 wights
  A killer bee (D:10)
  Dowan (D:6)
  15 nameless horrors
  3 electric eels (Snake:2)
  4 howler monkeys (D:10)
  4 hounds (D:5)
  4 sleepcaps
  2 jellies
  18 orc priests
  5 iguanas
  29 orc wizards
  3 gnolls (D:6)
  6 adders
  A white imp (D:7)
  5 dart slugs
  77 orcs
  5 ball pythons
  10 endoplasms
  A giant cockroach (D:2)
  4 goblins
  3 hobgoblins
  4 jackals (D:1)
  20 kobolds
  3 quokkas
  9 bats
  A frilled lizard (D:3)
  A fulminant prism (D:10)
  3 tentacles (Shoals:4)
1396 creatures vanquished.

Vanquished Creatures (collateral kills)
  A dread lich (Zot:5)
  A Killer Klown (Zot:5)
  A caustic shrike (Zot:5)
  2 golden dragons
  A hellephant (Depths:1)
  An electric golem (Zot:5)
  3 tentacled monstrosities
  A titan (Vaults:5)
  5 Orb Guardians (Zot:5)
  A lich (Depths:1)
  Kirke (Shoals:4)
  A storm dragon (Vaults:5)
  A shadow dragon (Zot:1)
  A nagaraja (Snake:4)
  A tengu reaver (Vaults:5)
  Donald (Vaults:1)
  2 fire giants (Vaults:5)
  A draconian knight (Zot:5)
  2 deep elf sorcerers (Vaults:5)
  2 vault wardens (Vaults:5)
  An orc warlord (Orc:2)
  A ghost moth (Zot:5)
  A draconian shifter (Zot:5)
  A spriggan defender (Depths:4)
  A draconian stormcaller (Zot:2)
  2 stone giants
  An ironbound preserver (Vaults:1)
  A reaper (Depths:3)
  3 draconian annihilators
  2 white draconians
  A lorocyproca (Depths:4)
  2 purple draconians (Depths:4)
  A green draconian (Zot:1)
  3 black draconians (Depths:4)
  A dire elephant (Vaults:3)
  4 yellow draconians
  3 ettins
  A great orb of eyes (Vaults:3)
  An entropy weaver (Vaults:2)
  3 merfolk impalers
  4 yaktaur captains (Vaults:5)
  2 hydras
  An ice dragon (Depths:3)
  4 vault guards (Vaults:5)
  A salamander tyrant (Snake:3)
  A centaur warrior (Vaults:3)
  A death knight (D:14)
  A satyr (Shoals:4)
  2 anacondas
  A merfolk aquamancer (Shoals:1)
  2 two-headed ogres
  A death yak (Lair:5)
  2 spriggan berserkers
  4 naga warriors
  A hell hog (Depths:4)
  A spriggan (Depths:3)
  3 naga sharpshooters
  A hell knight (Depths:2)
  3 skysharks
  4 sea snakes
  A salamander mystic (Snake:2)
  An iron troll (Depths:2)
  6 deep trolls
  A wizard (D:15)
  A naga ritualist (Snake:3)
  2 ironbound convokers (Vaults:1)
  A lindwurm (Vaults:1)
  2 harpies (Shoals:4)
  A deep elf pyromancer (D:12)
  An orc sorcerer (Orc:2)
  5 mana vipers
  4 fauns
  2 elephants
  2 cyclopes
  A moth of wrath (Zot:4)
  3 salamanders
  A moth of wrath (shapeshifter) (Vaults:5)
  A black mamba (Snake:2)
  A merfolk siren (Shoals:3)
  4 naga magi
  A water nymph (Shoals:1)
  A torpor snail (shapeshifter) (Vaults:5)
  2 vault sentinels
  A gargoyle (D:13)
  A hellion (Depths:4)
  A cane toad (Lair:1)
  5 yaktaurs
  2 unseen horrors
  An unseen horror (shapeshifter) (D:14)
  4 freezing wraiths
  2 komodo dragons
  A golden dragon simulacrum (Depths:3)
  2 polar bears
  A troll (D:12)
  A wind drake (Shoals:4)
  3 merfolk
  A hornet (Depths:3)
  3 blink frogs
  4 snapping turtles
  A jumping spider (shapeshifter) (Vaults:5)
  5 slime creatures
  3 water elementals
  2 wraiths
  2 vampires
  A culicivora (shapeshifter) (Vaults:5)
  11 yaks
  A basilisk (Lair:1)
  A redback (Vaults:2)
  A warg (Orc:1)
  6 nagas
  An acid dragon (D:12)
  2 water moccasins
  2 nameless horrors
  6 orc warriors
  A black bear (Lair:5)
  2 centaurs (D:11)
  An ogre (Vaults:5)
  2 wolves (Lair:4)
  2 boggarts
  3 bullfrogs
  2 orc priests (Orc:2)
  3 orc wizards
  7 orcs
  2 spectral weapons (Zot:5)
252 creatures vanquished.

Vanquished Creatures (others)
  3 ancient liches
  A Killer Klown (Zot:5)
  A tentacled monstrosity (Vaults:5)
  A lich (Vaults:5)
  A titan (Vaults:5)
  5 Orb Guardians (Zot:5)
  A sphinx (Vaults:5)
  A storm dragon (Zot:5)
  3 tengu reavers (Vaults:5)
  3 fire giants
  2 frost giants (Vaults:5)
  4 vault wardens (Vaults:5)
  A stone giant (Vaults:5)
  2 ironbound preservers (Vaults:5)
  An ironbound thunderhulk (Vaults:1)
  2 black draconians (Zot:2)
  A spark wasp (Zot:2)
  A yellow draconian (Zot:5)
  An ettin (Vaults:5)
  8 vault guards (Vaults:5)
  A peacekeeper (Vaults:1)
  An ogre mage (Vaults:5)
  A juggernaut simulacrum (Depths:3)
  A centaur warrior (Vaults:1)
  A merfolk aquamancer (Shoals:3)
  A shadow wraith (Vaults:5)
  A deep troll (Vaults:1)
  A sea snake (Shoals:4)
  A lindwurm (Vaults:1)
  2 phantasmal warriors (Vaults:5)
  A moth of wrath (Zot:2)
  5 vault sentinels (Vaults:5)
  A black mamba (Snake:4)
  A naga mage (Snake:4)
  A merfolk (Shoals:3)
  A water elemental (Shoals:3)
  A nameless horror (Vaults:2)
  An orc warrior (Vaults:5)
  2 ogres (Vaults:5)
  An orc priest (Vaults:5)
  An orc wizard (Orc:2)
  2 orcs
  A ball lightning (Zot:2)
  247 fulminant prisms
  4 tentacles (Shoals:4)
324 creatures vanquished.

Grand Total: 1972 creatures vanquished

Notes
Turn   | Place    | Note
-------+----------+-------------------------------------------
     0 | D:1      | Shard1697 the Draconian Conjurer began the quest for the
                  | Orb.
     0 | D:1      | Reached XP level 1. HP: 14/14 MP: 3/3
   277 | D:1      | Reached XP level 2. HP: 5/20 MP: 0/5
   327 | D:1      | Learned a level 2 spell: Searing Ray
   498 | D:1      | Found a faded altar of an unknown god.
   971 | D:1      | Reached XP level 3. HP: 26/26 MP: 4/6
   975 | D:1      | Learned a level 3 spell: Dazzling Flash
  1450 | D:2      | Reached XP level 4. HP: 33/33 MP: 5/8
  1600 | D:2      | Found Gedolum's Assorted Antiques.
  2273 | D:3      | Found Anyotal's Antique Armour Shoppe.
  2319 | D:3      | Reached skill level 5 in Conjurations
  2585 | D:3      | Reached skill level 1 in Hexes
  3270 | D:4      | Noticed a +0 falchion
  3271 | D:4      | Found a glowing silver altar of Zin.
  3271 | D:4      | Noticed a +0 short sword
  3277 | D:4      | Noticed a +0 dagger
  3278 | D:4      | Noticed a +0 dagger
  3279 | D:4      | Noticed a +0 short sword
  3281 | D:4      | Noticed a +0 spear
  3282 | D:4      | Noticed a +0 spear
  3283 | D:4      | Noticed a +0 falchion
  3320 | D:4      | Found a hide-covered altar of Uskayaw.
  3334 | D:4      | Noticed Sigmund
  3356 | D:4      | Reached XP level 5. HP: 28/38 MP: 0/10
  3514 | D:4      | Killed Sigmund
  3515 | D:4      | Reached XP level 6. HP: 34/45 MP: 1/12
  3971 | D:5      | Entered Level 5 of the Dungeon
  4060 | D:4      | Learned a level 4 spell: Fulminant Prism
  4067 | D:5      | Reached skill level 6 in Conjurations
  4129 | D:5      | Your scales start taking on a lurid green colour.
  4129 | D:5      | Reached XP level 7. HP: 50/50 MP: 4/13
  4129 | D:5      | Gained mutation: Your system is resistant to poisons.
                  | (rPois) [Green Draconian growth]
  4283 | D:5      | Noticed Menkaure
  4303 | D:5      | Killed Menkaure
  4565 | D:5      | Reached skill level 7 in Conjurations
  4740 | D:5      | Noticed hotbaconsauce's ghost (novice MiFi)
  4744 | D:5      | Noticed Eustachio
  4799 | D:5      | Killed Eustachio
  4800 | D:5      | Reached skill level 5 in Hexes
  4800 | D:5      | Reached XP level 8. HP: 57/57 MP: 0/14
  4908 | D:5      | Found a transporter.
  4913 | D:5      | Found a transporter.
  4928 | D:5      | Identified the +2 short sword of the Pyrrhic Victory {pain,
                  | rPois rF+}
  4966 | D:5      | Learned a level 5 spell: Summon Mana Viper
  5030 | D:5      | Found a staircase to the Ecumenical Temple.
  5041 | Temple   | Entered the Ecumenical Temple
  5050 | Temple   | Became a worshipper of Gozag Ym Sagoz the Greedy
  5105 | D:5      | Noticed Grinder
  5144 | D:5      | Killed Grinder
  5145 | D:5      | Reached skill level 1 in Summonings
  5176 | D:5      | Reached skill level 8 in Conjurations
  5424 | D:5      | Found a radiant altar of Vehumet.
  5428 | D:5      | Identified the +4 sling "Zolehis" {antimagic, Int+4 Dex+3}
  5675 | D:6      | Found a sacrificial altar of Ru.
  5676 | D:6      | Found a burning altar of Makhleb.
  5691 | D:6      | Noticed Blork the orc
  5742 | D:6      | Noticed Dowan
  5851 | D:6      | Killed Blork the orc
  5860 | D:6      | Noticed Duvessa
  5867 | D:6      | Killed Duvessa
  5944 | D:6      | Killed Dowan
  6160 | D:6      | Found a snail-covered altar of Cheibriados.
  6243 | D:6      | Reached XP level 9. HP: 62/62 MP: 9/15
  6425 | D:6      | Found an ancient bone altar of Kikubaaqudgha.
  6528 | D:7      | Found a blossoming altar of Fedhas.
  6572 | D:7      | Found Iret's Magic Scroll Emporium.
  6595 | D:7      | Bought a scroll of fear for 44 gold pieces
  6595 | D:7      | Bought a scroll of identify for 22 gold pieces
  6595 | D:7      | Bought a scroll of identify for 22 gold pieces
  6595 | D:7      | Bought a scroll of teleportation for 33 gold pieces
  6595 | D:7      | Bought a scroll of teleportation for 33 gold pieces
  6595 | D:7      | Bought a scroll of amnesia for 44 gold pieces
  6761 | D:7      | You fall into a shaft and drop 2 floors!
  6810 | D:9      | Reached skill level 9 in Conjurations
  7145 | D:7      | Noticed a two-headed ogre
  7169 | D:7      | Killed a two-headed ogre
  7170 | D:7      | Reached skill level 5 in Summonings
  7688 | D:7      | Found a glowing golden altar of the Shining One.
  8186 | D:8      | Reached skill level 10 in Conjurations
  8186 | D:8      | Reached XP level 10. HP: 58/69 MP: 9/16
  8892 | D:8      | Noticed an orange demon
  8892 | D:8      | Noticed Amaemon
  9338 | D:9      | Found a staircase to the Orcish Mines.
  9717 | D:9      | Noticed a cyclops
  9733 | D:10     | Entered Level 10 of the Dungeon
  9846 | D:10     | Found Tutogg's General Store.
  9852 | D:10     | Bought a potion of mutation for 96 gold pieces
 10382 | D:10     | Reached XP level 11. HP: 63/74 MP: 3/17
 10493 | D:10     | Reached skill level 1 in Axes
 10601 | D:10     | Noticed a two-headed ogre
 10703 | D:10     | Reached skill level 1 in Shields
 10802 | D:10     | Killed a two-headed ogre
 10803 | D:10     | Noticed an orc knight
 10908 | D:10     | Found a staircase to the Lair.
 10908 | D:10     | Noticed an oklob plant
 10918 | D:10     | Killed an oklob plant
 11318 | D:10     | Noticed a six-headed hydra
 11324 | D:10     | Identified the +3 sling "Fuokoin" {heavy, Int+4}
 11733 | D:10     | Killed an orc knight
 11835 | D:10     | Killed a six-headed hydra
 11836 | D:10     | Reached skill level 5 in Axes
 11836 | D:10     | Reached skill level 5 in Shields
 12124 | D:11     | Found Doetat's Antique Armour Emporium.
 12199 | D:11     | Noticed Maurice
 12208 | D:11     | Killed Maurice
 12324 | D:11     | Found a transporter.
 12326 | D:11     | Found a transporter.
 12369 | D:11     | Found a transporter.
 12375 | D:11     | Reached skill level 10 in Hexes
 12378 | D:11     | Reached skill level 1 in Fighting
 12536 | D:11     | Noticed Grum
 12551 | D:11     | Killed Grum
 12552 | D:11     | Noticed a two-headed ogre
 12594 | D:11     | Killed a two-headed ogre
 13080 | D:11     | Found a transporter.
 13219 | Lair:1   | Entered Level 1 of the Lair of Beasts
 13232 | Lair:1   | Reached XP level 12. HP: 84/88 MP: 12/18
 14167 | Lair:1   | Reached skill level 5 in Fighting
 14559 | Lair:2   | Found a staircase to the Shoals.
 14653 | Lair:2   | Identified the +4 broad axe of Quantum Leap {pain, Str+2}
 14887 | Lair:2   | Noticed a five-headed hydra
 14898 | Lair:2   | Killed a five-headed hydra
 15141 | Lair:2   | You fall into a shaft and drop 2 floors!
 15170 | Lair:4   | Found a broken altar of Ashenzari.
 15171 | Lair:4   | Noticed an eight-headed hydra
 15190 | Lair:4   | Killed an eight-headed hydra
 15248 | Lair:4   | Reached skill level 10 in Axes
 15504 | Lair:4   | Reached skill level 10 in Fighting
 15735 | Lair:4   | Reached XP level 13. HP: 114/114 MP: 19/19
 16131 | Lair:3   | Found a staircase to the Snake Pit.
 17202 | Lair:3   | Found a runed translucent door.
 17203 | Lair:3   | Noticed RepHenryClay's ghost (adept GnMo)
 17269 | Lair:3   | Killed RepHenryClay's ghost
 17657 | Lair:4   | Noticed Sonja
 17662 | Lair:4   | Killed Sonja
 18138 | Lair:5   | Entered Level 5 of the Lair of Beasts
 18795 | Lair:5   | Reached skill level 5 in Dodging
 18872 | Lair:5   | Gained mutation: Your tail ends in a venomous barb. [Green
                  | Draconian growth]
 18872 | Lair:5   | Reached XP level 14. HP: 132/132 MP: 17/21
 18910 | Lair:5   | Learned a level 7 spell: Monstrous Menagerie
 18943 | Lair:5   | Reached skill level 5 in Spellcasting
 19309 | Lair:5   | Learned a level 5 spell: Iskenderun's Battlesphere
 19870 | Lair:5   | Reached skill level 15 in Fighting
 20056 | Lair:5   | Reached skill level 11 in Conjurations
 20193 | Lair:5   | Found a staircase to the Slime Pits.
 21592 | Orc:1    | Entered Level 1 of the Orcish Mines
 22270 | Orc:2    | Entered Level 2 of the Orcish Mines
 22286 | Orc:2    | Found a staircase to the Elven Halls.
 22702 | Orc:2    | Noticed an orc warlord
 22742 | Orc:2    | Paralysed by an orc sorcerer for 3 turns
 22856 | Orc:2    | Killed an orc warlord
 22857 | Orc:2    | Reached skill level 12 in Conjurations
 22857 | Orc:2    | Reached XP level 15. HP: 136/144 MP: 20/23
 23076 | Orc:1    | Gained mutation: You are frail. (-10% HP) [a neqoxec]
 23082 | Orc:1    | Lost mutation: You are frail. (-10% HP) [potion of
                  | mutation]
 23082 | Orc:1    | Gained mutation: You occasionally shout uncontrollably at
                  | your foes. [potion of mutation]
 23082 | Orc:1    | Gained mutation: Your flesh is heat resistant. (rF+)
                  | [potion of mutation]
 24019 | Orc:2    | Found Osiv's General Store.
 24020 | Orc:2    | Found Zustraez's Book Shoppe.
 24022 | Orc:2    | Found Datusch's Antique Armour Emporium.
 24022 | Orc:2    | Found Junnov's Antique Weapon Emporium.
 24027 | Orc:2    | Bought a scroll of teleportation for 36 gold pieces
 24027 | Orc:2    | Bought a scroll of teleportation for 36 gold pieces
 24027 | Orc:2    | Bought a scroll of revelation for 90 gold pieces
 24029 | Orc:2    | Bought Ukunlof's Encyclopedia of Mustering for 816 gold
                  | pieces
 24029 | Orc:2    | Bought a book of Armaments for 612 gold pieces
 24029 | Orc:2    | Bought a book of Spatial Translocations for 306 gold pieces
 24032 | Orc:2    | Learned a level 2 spell: Blink
 24041 | Orc:2    | Bought a pair of runed gloves for 195 gold pieces
 24276 | D:13     | Found Hexadynk's Antique Armour Shop.
 24618 | D:13     | Found the +7 Spriggan's Knife {stab, EV+4 Stlth+}
 25359 | D:14     | Identified the ring of Kafficad {rC+ rN+ Int+3}
 25399 | D:14     | Noticed Rupert
 25401 | D:14     | Paralysed by Rupert for 2 turns
 25570 | D:14     | Found a gate to the Vaults.
 25877 | D:14     | Learned a level 6 spell: Leda's Unmaking
 26157 | D:14     | Banished Rupert
 26158 | D:14     | Reached skill level 1 in Earth Magic
 26282 | D:14     | Found a shimmering blue altar of Sif Muna.
 26453 | D:15     | Entered Level 15 of the Dungeon
 26644 | D:15     | Found a white marble altar of Elyvilon.
 26715 | D:15     | Reached skill level 1 in Translocations
 26754 | D:15     | Found Ykhu's CLEARANCE SALE!.
 26765 | D:15     | Bought a scroll of fog for 16 gold pieces
 26933 | D:15     | Found Ycrid's Jewellery Shop.
 26943 | D:15     | Bought the macabre finger necklace {Finger+ rN+} for 520
                  | gold pieces
 26943 | D:15     | Found the macabre finger necklace {Finger+ rN+}
 27135 | D:15     | Found a staircase to the Depths.
 27577 | Snake:1  | Entered Level 1 of the Snake Pit
 28167 | Snake:1  | Found a transporter.
 28167 | Snake:1  | Noticed RepHenryClay's ghost (adept VSFi)
 28184 | Snake:1  | Found a transporter.
 28185 | Snake:1  | Identified the ring "Diups" {rC+ EV+5 Slay+3}
 28449 | Snake:1  | Reached XP level 16. HP: 111/151 MP: 22/26
 28691 | Snake:1  | Reached skill level 15 in Axes
 29294 | Snake:2  | You fall into a shaft and drop 1 floor!
 29306 | Snake:3  | Noticed Vashnia
 29374 | Snake:2  | Reached skill level 10 in Dodging
 29658 | Snake:2  | Reached skill level 5 in Earth Magic
 30697 | Snake:2  | Found Xaqagh's Antique Weapon Emporium.
 31252 | Snake:3  | Noticed Saint Roka
 31318 | Snake:3  | Noticed Mara
 31319 | Snake:3  | Noticed Shard1697's illusion
 31320 | Snake:3  | Noticed Bai Suzhen
 32573 | Snake:3  | Noticed Shard1697's illusion
 32711 | Snake:3  | Noticed Shard1697's illusion
 32812 | Snake:3  | Noticed Shard1697's illusion
 32890 | Snake:2  | Killed Saint Roka
 33051 | Snake:3  | Noticed Shard1697's illusion
 33451 | Snake:3  | Noticed Shard1697's illusion
 33598 | Snake:2  | Banished Mara
 33810 | Snake:3  | Killed Vashnia
 34524 | Snake:3  | Identified a scroll of acquirement
 34524 | Snake:3  | Acquired a +1 hat
 34535 | Snake:3  | Found Pilokhlodd's Jewellery Shoppe.
 34536 | Snake:3  | Found Ytiul's Book Shop.
 34538 | Snake:3  | Found Ten Qiypt's Jewellery Shoppe.
 34547 | Snake:3  | Bought the amulet of Vitality {RegenMP++ Regen++} for 1800
                  | gold pieces
 34547 | Snake:3  | Found the amulet of Vitality {RegenMP++ Regen++}
 34932 | Snake:4  | Entered Level 4 of the Snake Pit
 34940 | Snake:4  | Reached XP level 17. HP: 158/158 MP: 28/28
 35233 | Snake:3  | Reached skill level 10 in Shields
 35294 | Snake:3  | Reached skill level 13 in Conjurations
 36120 | Snake:4  | Got a serpentine rune of Zot
 36274 | Shoals:1 | Entered Level 1 of the Shoals
 37108 | Shoals:2 | Reached skill level 14 in Conjurations
 37877 | Shoals:3 | Found Syrecw Poun's Antique Armour Shop.
 37944 | Shoals:3 | Reached XP level 18. HP: 79/166 MP: 19/30
 38776 | Shoals:4 | Entered Level 4 of the Shoals
 39087 | Shoals:4 | Noticed Kirke
 39394 | Shoals:4 | Identified the +8 lajatang of Dried Tears {antimagic,
                  | *Noise +Blink Will++ Dex+3}
 39422 | Shoals:4 | Reached skill level 10 in Earth Magic
 39677 | Shoals:4 | Got the Compilation of the Tundra
 39737 | Shoals:4 | Got a barnacled rune of Zot
 39743 | Shoals:4 | Reached skill level 15 in Conjurations
 39783 | Shoals:4 | Learned a level 7 spell: Monstrous Menagerie
 39839 | Shoals:4 | Killed Kirke
 40029 | Vaults:1 | Entered Level 1 of the Vaults
 40576 | Vaults:1 | Noticed Donald
 40588 | Vaults:1 | Killed Donald
 40770 | Vaults:1 | Identified the +5 arbalest of the Warrior {freeze, Int+3
                  | Dex-5 Stlth+}
 40899 | Vaults:1 | Reached skill level 5 in Stealth
 41151 | Vaults:1 | Reached XP level 19. HP: 136/172 MP: 16/32
 41181 | Vaults:1 | Bought a +1 cloak of stealth for 231 gold pieces
 42000 | Snake:3  | Bought a book of Iron for 448 gold pieces
 42558 | Vaults:2 | Reached skill level 10 in Spellcasting
 42601 | Vaults:2 | Found a staircase to the Crypt.
 43026 | Vaults:2 | Reached skill level 16 in Conjurations
 44659 | Vaults:3 | Reached skill level 10 in Summonings
 45147 | Vaults:3 | Reached XP level 20. HP: 98/180 MP: 31/34
 45354 | Vaults:3 | Learned a level 5 spell: Lee's Rapid Deconstruction
 45354 | Vaults:3 | Acquired 705 gold pieces
 45605 | Vaults:4 | Found Vutanwun's General Store.
 45622 | Vaults:4 | Paralysed by a great orb of eyes for 2 turns
 46407 | Vaults:4 | Found Jodeg's Assorted Antiques.
 46417 | Vaults:4 | Bought a potion of curing for 105 gold pieces
 46417 | Vaults:4 | Bought a potion of curing for 105 gold pieces
 46417 | Vaults:4 | Bought a potion of curing for 105 gold pieces
 47020 | Depths:1 | Entered Level 1 of the Depths
 47142 | Depths:1 | Reached skill level 15 in Shields
 47196 | Depths:1 | Paralysed by a floating eye for 4 turns
 47617 | Depths:1 | Found a gateway to Hell.
 47866 | Depths:1 | Found a runed translucent door.
 47906 | Depths:1 | Found a basalt altar of Yredelemnul.
 48061 | Depths:2 | Found a one-way gate leading to the halls of Pandemonium.
 48691 | Depths:1 | Reached XP level 21. HP: 187/188 MP: 35/35
 48752 | Depths:2 | Reached skill level 15 in Summonings
 48824 | Depths:2 | Found a one-way gateway to a ziggurat.
 48968 | Depths:2 | Noticed a golden dragon
 48989 | Depths:2 | Banished a golden dragon
 49468 | Depths:2 | Found a snail-covered altar of Cheibriados.
 50254 | Depths:3 | Identified the +9 war axe "Cuffugu" {venom, Drain rPois
                  | rN++ SInv}
 50362 | Depths:3 | Found a one-way gate to the infinite horrors of the Abyss.
 50514 | Depths:3 | Reached skill level 17 in Conjurations
 51048 | Depths:3 | Paralysed by a wendigo for 1 turns
 51124 | Depths:3 | Paralysed by a floating eye for 2 turns
 51453 | Depths:3 | Found an iron altar of Okawaru.
 51849 | Depths:4 | Entered Level 4 of the Depths
 51849 | Depths:4 | Found Soroeggat's Jewellery Boutique.
 52402 | Depths:4 | Paralysed by a vampire knight for 4 turns
 52607 | Depths:4 | Reached XP level 22. HP: 193/195 MP: 10/38
 53109 | Depths:3 | Learned a level 8 spell: Lehudib's Crystal Spear
 53313 | Depths:4 | Noticed a golden dragon
 53327 | Depths:4 | Killed a golden dragon
 53388 | Depths:4 | Found a gate to the Realm of Zot.
 53860 | Vaults:5 | Entered Level 5 of the Vaults
 53860 | Vaults:5 | Noticed an ancient lich
 53895 | Vaults:5 | Reached skill level 18 in Conjurations
 54112 | Vaults:5 | Noticed an ancient lich
 54142 | Vaults:5 | Killed an ancient lich
 54182 | Vaults:5 | Found Fysocaydo's Distillery.
 54189 | Vaults:5 | Found Tosun's Distillery.
 54217 | Vaults:5 | Found Touruuc's Magic Scroll Boutique.
 54233 | Vaults:5 | Found Nesman's Distillery.
 54334 | Vaults:5 | Got a silver rune of Zot
 54346 | Vaults:5 | Bought a potion of curing for 36 gold pieces
 54346 | Vaults:5 | Bought a potion of might for 48 gold pieces
 54346 | Vaults:5 | Bought a potion of mutation for 96 gold pieces
 54357 | Vaults:5 | Bought a potion of haste for 140 gold pieces
 54357 | Vaults:5 | Bought a potion of heal wounds for 70 gold pieces
 54357 | Vaults:5 | Bought 2 potions of mutation for 224 gold pieces
 54357 | Vaults:5 | Bought a potion of invisibility for 112 gold pieces
 54365 | Vaults:5 | Bought a potion of haste for 130 gold pieces
 54365 | Vaults:5 | Bought a potion of curing for 39 gold pieces
 54365 | Vaults:5 | Bought a potion of heal wounds for 65 gold pieces
 54365 | Vaults:5 | Bought a potion of curing for 39 gold pieces
 54365 | Vaults:5 | Bought a potion of haste for 130 gold pieces
 54367 | Vaults:5 | Bought a potion of cancellation for 104 gold pieces
 54405 | Vaults:5 | Bought a scroll of teleportation for 48 gold pieces
 54405 | Vaults:5 | Bought a scroll of teleportation for 48 gold pieces
 54405 | Vaults:5 | Bought a scroll of teleportation for 48 gold pieces
 54405 | Vaults:5 | Bought a scroll of teleportation for 48 gold pieces
 54817 | Zot:1    | Entered Level 1 of the Realm of Zot
 54935 | Zot:1    | Found the +4 dragonskin cloak
 54935 | Zot:1    | Noticed Tiamat
 54942 | Zot:1    | Noticed an orb of fire
 54956 | Zot:1    | Noticed a golden dragon
 55186 | Depths:4 | Killed a golden dragon
 55292 | Zot:1    | Gained mutation: You are strong-willed. (Will+) [an orb of
                  | fire]
 55299 | Zot:1    | Gained mutation: You are dopey. (Int -2) [an orb of fire]
 55322 | Zot:1    | Gained mutation: You are agile. (Dex +4, Str/Int -1) [an
                  | orb of fire]
 55332 | Zot:1    | Killed an orb of fire
 55863 | Zot:1    | Reached skill level 19 in Conjurations
 56416 | Zot:1    | Killed Tiamat
 56417 | Zot:1    | Reached XP level 23. HP: 101/202 MP: 6/39
 57258 | Zot:3    | Identified the +5 spear of Patience {heavy, rF+ rC++ Dex-4}
 58043 | Zot:2    | Reached skill level 15 in Earth Magic
 58379 | Zot:5    | Entered Level 5 of the Realm of Zot
 58445 | Zot:5    | Noticed a curse toe
 58451 | Zot:5    | Killed a curse toe
 58461 | Zot:5    | Reached skill level 20 in Conjurations
 58673 | Zot:5    | Acquired 898 gold pieces
 58801 | Zot:5    | Noticed an ancient lich
 58807 | Zot:5    | Noticed a dread lich
 58813 | Zot:5    | Noticed a Killer Klown
 58819 | Zot:5    | Noticed an ancient lich
 58828 | Zot:5    | Noticed an orb of fire
 58830 | Zot:5    | Killed a dread lich
 58833 | Zot:5    | Noticed a dread lich
 58833 | Zot:5    | an Orb Guardian changed into a caustic shrike
 58833 | Zot:5    | Noticed a caustic shrike
 58836 | Zot:5    | Killed an ancient lich
 58837 | Zot:5    | Noticed a dread lich
 58840 | Zot:5    | Killed a caustic shrike
 58841 | Zot:5    | Killed an orb of fire
 58848 | Zot:5    | Noticed a Killer Klown
 58853 | Zot:5    | Killed a dread lich
 58854 | Zot:5    | Noticed an ancient lich
 58860 | Zot:5    | Noticed an ancient lich
 59080 | Zot:5    | Killed an ancient lich
 59517 | Zot:4    | HP: 7/202 [something/bolt of lightning[a white draconian
                  | stormcaller] (38)]
 59990 | Zot:5    | Banished a dread lich
 59991 | Zot:5    | Reached skill level 15 in Dodging
 60097 | Zot:5    | Killed a Killer Klown
 60132 | Zot:5    | Reached XP level 24. HP: 181/210 MP: 29/39
 60280 | Zot:5    | Got the Orb of Zot
 60350 | Zot:5    | Noticed Qiacem the pandemonium lord
 60370 | Zot:4    | Noticed Fafiowes the pandemonium lord
 60531 | Zot:1    | Noticed Uptem the pandemonium lord
 61076 | D:$      | Escaped with the Orb!

Illustrated notes

Levels and vault maps discovered:
D:1:      lightli_arrival_noodles, layout_basic,
          hellmonk_ecumenical_altar_blasted, minmay_misc_feat_square
D:2:      wander_river, layout_basic, serial_shops, nicolae_shop_back_alley_shop
D:3:      layout_basic, serial_shops, shop
D:4:      layout_rooms, nicolae_uskayaw_en_pointe, mainiacjoe_overflow_alcove_1,
          uniq_sigmund
D:5:      layout_basic, lemuel_coloured_pillars_altar, temple_fountains,
          gammafunk_ghost_hive, kennysheep_generic_room_8, uniq_eustachio,
          uniq_menkaure, uniq_grinder
D:6:      layout_cave_pools, nicolae_overflow_hidden_temple,
          lemuel_crystal_altar, uniq_blork_the_orc, uniq_duvessa
D:7:      layout_loops_ring, nicolae_tso_carved_into_rock, fedhas_altar_1,
          serial_shops, shop_scrolls, minivault_26, minmay_manual_monolith
D:8:      layout_layer_cave, nicolae_houndstooth_variations, uniq_amaemon
D:9:      layout_loops_cross, orc_0_dummy, lightli_minifort
D:10:     kennysheep_windowed_halls, layout_basic, dpeg_oklobed_lair,
          serial_shops, shop, hangedman_corner_corridor
D:11:     layout_cave_pools, nicolae_stop_n_shop_2, nicolae_diode_intersection,
          uniq_grum, uniq_maurice
D:12:     layout_rooms
D:13:     layout_small_grid, serial_shops, nicolae_shop_crystal, minivault_10,
          minmay_misc_feat_rows
D:14:     layout_roguey, david_vaults_1, minmay_misc_feat_ornament,
          nicolae_sif_muna_condensation, uniq_rupert
D:15:     grunt_enter_depths_snipers, layout_rooms, elyvilon_altar_5,
          serial_shops, shop, nicolae_shop_clearance
Temple:   nicolae_temple_ecumenical_triangle
Lair:1:   layout_small_grid
Lair:2:   layout_regular_city, minmay_shoals_entry_centaurs
Lair:3:   layout_small_grid, guppyfry_snake_entry_garden,
          ebering_ghost_reflecting_pool, serial_bayou_shore_b,
          serial_bayou_shore_b
Lair:4:   layout_hall_layers, basic_altar, uniq_sonja
Lair:5:   minmay_lair_end_enchanted_forest, layout_hall_layers, slime_entry_1,
          grunt_megastairs_3
Shoals:1: layout_shoals
Shoals:2: layout_shoals
Shoals:3: cheibrodos_shoals_baths, layout_shoals, serial_shops,
          nicolae_take_the_stairs
Shoals:4: shoals_end_hellmonk_lost_city, uniq_kirke
Snake:1:  layout_cave_shapes, gammafunk_ghost_arena
Snake:2:  layout_rooms, serial_shops, nicolae_square_shop, serial_bayou_shore_a,
          grunt_megastairs_1
Snake:3:  layout_rooms, st_stairs_9, serial_bayou_pond_c, grunt_megastairs_4,
          minmay_shop_grove, uniq_bai_suzhen, uniq_saint_roka, uniq_vashnia,
          uniq_mara
Snake:4:  johnstein_snake_rune_scales, layout_grid_shapes, minmay_snake_pond
Orc:1:    layout_caves, mines1_david
Orc:2:    st_orc_congregation, layout_caves
Vaults:1: v_misc_33, nicolae_vaults_tetromino_Z_2,
          nicolae_vaults_network_square, nicolae_vaults_security_offices_3,
          vaults_standard_mumra_x, layout_vaults_quadrants, uniq_donald
Vaults:2: minmay_crypt_entry_vampire_xt, nicolae_vaults_ninety_degrees,
          ontoclasm_vaults_shuriken, nicolae_vaults_prndl,
          grunt_vaults_hallway_short, nicolae_vaults_door_testing_chamber,
          v_misc_8, hangedman_vaults_pinch, nicolae_vaults_apartment_2,
          vaults_dpeg_cross, v_misc_10, dpeg_vaults_monster_box,
          hangedman_vaults_cutoff, nicolae_vaults_double_plus_1,
          nicolae_vaults_house_2, layout_vaults_omnicross
Vaults:3: nicolae_vaults_shelves_hall, hangedman_vaults_river_flow,
          hangedman_vaults_restitches, nicolae_vaults_shelves_hall,
          nicolae_vaults_trapezoid_4, nicolae_vaults_trapezoid_4, v_misc_10,
          v_misc_5, nicolae_vaults_what_the_h, vaults_room_grunt_arrival_ludios,
          nicolae_vaults_oval_intersection, vaults_dpeg_emergency_exit,
          ontoclasm_vaults_loading_screen, layout_vaults_big_room
Vaults:4: nicolae_vaults_little_squares_1, ontoclasm_vaults_pinch,
          nicolae_vaults_cornered_office, ontoclasm_vaults_chip,
          vaults_standard_mumra_enter_the_diamond, nicolae_vaults_octothorpe,
          nicolae_vaults_meeting, nicolae_vaults_three_branches,
          vaults_room_boxed, nicolae_vaults_tetromino_T_1,
          vaults_room_stairs_pillars, grunt_vaults_funnel,
          nicolae_vaults_tetromino_Z_1, layout_vaults_ring, serial_shops,
          nicolae_lakefront_shop, shop
Vaults:5: uniq_margery
Depths:1: layout_basic, yredelemnul_altar_generic, grunt_hell_horde,
          chequers_serial_rivers_micro_d, minmay_misc_feat_secret_circle,
          minmay_acid_items
Depths:2: nicolae_hexawheel, layout_cave_pools, enter_ziggurat_b,
          grunt_hell_entry_dis_grunt, pan_entry, minmay_hedge_maze,
          cheibriados_altar_1, infiniplex_staircase_zigzag_2
Depths:3: dreamdust_isle_of_ice, layout_cave_shapes, serial_column_ruins,
          column_ruins_portal_astroid, column_ruins_corridor_straight,
          column_ruins_open_tiny, column_ruins_corridor_straight,
          column_ruins_grid_3, okawaru_trees_1, hangedman_abyss_entry_splay,
          pan_entry, hell_entry, infiniplex_staircase_x
Depths:4: grunt_bruiser_brothers, layout_gridlike, abyss_entry, serial_shops,
          shop_statue, hellmouth_1
Zot:1:    grunt_twist_and_shout, layout_cathedral_of_symmetry,
          nicolae_transporter_circle, uniq_tiamat
Zot:2:    infiniplex_zot_generator, layout_basic
Zot:3:    layout_misc_corridors, ebering_ghost_rock_garden, uniq_grunn
Zot:4:    cheibrodos_zot_enchanting_chambers, layout_basic, grunt_megastairs_2
Zot:5:    layout_misc_corridors

Skill      XL: |  1  2  3  4  5  6  7  8  9 10 11 12 13 14 15 16 17 18 19 20 21 22 23 |
---------------+----------------------------------------------------------------------+-----
Spellcasting   | 3 4 5 7 8 9 10 12 | 12.2
Conjurations   | 5 6 7 8 10 12 14 15 16 17 19 20 | 20.7
Hexes          | 1 2 3 5 6 7 9 10 | 10.5
Summonings     | 3 6 8 9 10 14 16 | 16.3
Axes           | 6 10 12 13 14 16 | 16.0
Shields        | 5 9 10 11 13 15 | 15.0
Fighting       | 2 10 14 16 | 16.0
Dodging        | 5 7 9 10 11 13 15 | 15.4
Earth Magic    | 4 5 8 11 12 14 16 | 16.4
Translocations | 2 |  2.0
Stealth        | 2 5 6 |  6.0

Action                     |  1- 3 |  4- 6 |  7- 9 | 10-12 | 13-15 | 16-18 | 19-21 | 22-24 || total
---------------------------+-------+-------+-------+-------+-------+-------+-------+-------++-------
  Melee: Short sword       |    24 |       |       |       |       |       |       |       ||    24
         Tailslap          |     1 |       |    10 |    46 |   177 |   234 |   340 |   212 ||  1020
         Dagger            |     3 |     4 |       |       |       |       |       |       ||     7
         Long sword        |       |    12 |    62 |       |       |       |       |       ||    74
         War axe           |       |       |    63 |   277 |  1045 |  1218 |  1321 |   863 ||  4787
         Unarmed           |       |       |       |       |       |     1 |       |       ||     1
   Cast: Magic Dart        |    65 |    50 |    79 |    35 |    74 |    92 |     1 |       ||   396
         Searing Ray       |     1 |    10 |    20 |    11 |     3 |     1 |       |       ||    46
         Fulminant Prism   |       |       |    25 |    78 |    67 |    44 |    34 |       ||   248
         Summon Mana Viper |       |       |       |    18 |    71 |    95 |    41 |    13 ||   238
         Iskenderun's Batt |       |       |       |       |    17 |    20 |       |       ||    37
         Blink             |       |       |       |       |     1 |       |     3 |     9 ||    13
         Dazzling Flash    |       |       |       |       |       |    31 |    10 |     2 ||    43
         Leda's Unmaking   |       |       |       |       |       |    35 |   124 |   286 ||   445
         Lee's Rapid Decon |       |       |       |       |       |       |   119 |    61 ||   180
         Monstrous Menager |       |       |       |       |       |       |    17 |    97 ||   114
 Invoke: Potion Petition   |       |       |       |       |       |     4 |       |     9 ||    13
         Call Merchant     |       |       |       |       |       |       |     2 |     1 ||     3
         Bribe Branch      |       |       |       |       |       |       |       |     2 ||     2
Ability: Breathe Noxious F |       |       |     6 |    20 |     8 |    16 |    13 |     5 ||    68
  Evoke: Wand              |       |       |       |       |     4 |     6 |       |     4 ||    14
         Lightning rod     |       |       |       |       |       |       |       |     4 ||     4
    Use: Potion            |       |     3 |     1 |     3 |     6 |     2 |     1 |    33 ||    49
         Scroll            |       |     7 |     7 |     7 |     8 |    14 |     8 |    22 ||    73
   Stab: Sleeping          |       |     1 |       |       |     1 |     1 |    12 |     3 ||    18
         Confused          |       |       |     1 |     3 |     4 |     9 |    11 |     1 ||    29
         Distracted        |       |       |       |     1 |    10 |    13 |    15 |    16 ||    55
         Invisible         |       |       |       |       |     1 |    33 |     8 |    11 ||    53
         Paralysed         |       |       |       |       |       |       |       |     4 ||     4
 Armour: Skin              |    14 |    21 |    90 |   130 |   228 |   283 |   360 |   331 ||  1457
  Dodge: Dodged            |    44 |    21 |   130 |   373 |   972 |  1338 |  1153 |  1111 ||  5142
  Block: Buckler           |       |       |       |    76 |   358 |   146 |       |       ||   580
         Kite shield       |       |       |       |       |       |   727 |  1115 |   896 ||  2738

Table legend: (Time is in decaauts)
 A = Elapsed time spent in this place.
 B = Non-inter-level travel time spent in this place.
 C = Inter-level travel time spent in this place.
 D = Time resting spent in this place.
 E = Time spent auto-exploring this place.
 F = Levels seen in this place.
 G = Mean time per level.
                   A        B        C        D        E       F      G
               +--------+--------+--------+--------+--------+-----+--------+
         Total |  60861 |  56190 |   4671 |   9379 |  28065 |  45 | 1352.5 |
       Dungeon |  18371 |  16885 |   1486 |   2741 |   9856 |  15 | 1224.7 |
        Temple |     18 |     10 |      8 |      0 |      0 |   1 |   18.0 |
          Lair |   8348 |   7615 |    733 |    736 |   5031 |   5 | 1669.6 |
        Shoals |   3786 |   3624 |    162 |    212 |   1883 |   4 |  946.5 |
     Snake Pit |   8245 |   7681 |    564 |   2659 |   2591 |   4 | 2061.2 |
  Orcish Mines |   2558 |   2425 |    133 |    401 |   1231 |   2 | 1279.0 |
        Vaults |   7255 |   6460 |    795 |    382 |   3584 |   5 | 1451.0 |
        Depths |   7462 |   6857 |    605 |   1090 |   3218 |   4 | 1865.5 |
           Zot |   4814 |   4631 |    183 |   1157 |    670 |   5 |  962.8 |
               +--------+--------+--------+--------+--------+-----+--------+

Top non-repeatable levels by time:
 Snake:2: 4128 daAuts
    D:10: 2553 daAuts
Depths:4: 2512 daAuts
  Lair:5: 2092 daAuts
Vaults:1: 2068 daAuts
  Lair:3: 2008 daAuts
Vaults:2: 1878 daAuts
  Lair:4: 1860 daAuts
 Snake:1: 1711 daAuts
     D:5: 1708 daAuts
Depths:3: 1659 daAuts
Depths:2: 1655 daAuts
   Zot:5: 1644 daAuts
Depths:1: 1635 daAuts
 Snake:3: 1586 daAuts
